 Dungeon Crawl Stone Soup version 0.31-a0-965-g8a8ce12e04 (webtiles) character file.

Game seed: 9873651415940188127

1776560 MackTheKnife the Executioner (level 26, 258/258 HPs)
             Began as a Hill Orc Brigand on Oct 26, 2023.
             Was a High Priest of Fedhas.
             Escaped with the Orb
             ... and 3 runes!
             The game lasted 02:19:51 (57744 turns).

MackTheKnife the Executioner (Hill Orc Brigand)    Turns: 57744, Time: 02:19:52

Health: 258/258    AC: 31    Str: 22    XL:     26   Next: 3%
Magic:  35/35      EV: 30    Int:  6    God:    Fedhas [*****.]
Gold:   3216       SH: 25    Dex: 17    Spells: 23/25 levels left

rFire   + + .        a - +8 broad axe (flame) {axe}
rCold   + + .        e - +2 tower shield {AC+3}
rNeg    . . .        Z - +8 storm dragon scales {rare}
rPois   .            V - +0 mask of the Dragon {Will+ Slay+3 SInv}
rElec   +            y - scarf {rC+ rF+}
rCorr   +            t - +2 pair of gloves {Stlth+}
SInv    +            x - +2 pair of boots {rampage}
Will    ++++.        q - amulet "Buvipe" {RegenMP +Blink Will++ Regen+ Int-5}
Stlth   +            j - ring "Pipn" {Contam rCorr EV+5 Dex+5}
HPRegen 1.43/turn    Y - ring of the Hare {EV+10}
MPRegen 0.64/turn

%: rampage
@: studying Ranged Weapons
A: talons 1, clumsy 1, cold resistance 1, deformed body, deterioration 2, fire
resistance 1, weak 1, devolution 1
0: Orb of Zot
}: 3/15 runes: decaying, serpentine, silver
a: Renounce Religion, Evoke Blink, Wall of Briars, Grow Ballistomycete,
Overgrow, Grow Oklob


You escaped.
You worshipped Fedhas.
Fedhas was extremely pleased with you.
You visited 10 branches of the dungeon, and saw 48 of its levels.
You visited 1 bazaar.
You also visited: Trove, Gauntlet and Wizlab.

You collected 6983 gold pieces.
You spent 3767 gold pieces at shops.


Innate Abilities, Weirdness & Mutations

You have sharp toenails.
You are clumsy. (Dex -2)
Your flesh is cold resistant. (rC+)
Armour fits poorly on your strangely shaped body.
Your body often deteriorates upon taking damage.
Your flesh is heat resistant. (rF+)
You are weak. (Str -2)
You have hidden genetic defects.


   Skills:
 - Level 25.0 Fighting
 - Level 2.0 Short Blades
 - Level 25.0 Axes
 - Level 1.7 Throwing
 - Level 17.5 Armour
 - Level 14.0 Dodging
 - Level 10.0 Stealth
 + Level 21.1 Shields
 - Level 17.7 Invocations
 - Level 16.7 Evocations


You had 23 spell levels left.
You knew the following spells:

 Your Spells              Type           Power      Damage    Failure   Level
a - Wereblood             Tmut           0%         N/A       99%         2

Your spell library contained the following spells:

 Spells                   Type           Power      Damage    Failure   Level
 Foxfire                  Conj/Fire      0%         2x1d4     97%         1
 Magic Dart               Conj           0%         1d3       97%         1
 Necrotise                Necr           0%         1d4       97%         1
 Sandblast                Erth           0%         2d4       97%         1
 Sting                    Tmut/Pois      0%         1d3       97%         1
 Summon Small Mammal      Summ           0%         N/A       97%         1
 Cigotuvi's Dreadful Rot  Necr/Pois/Air  0%         N/A       99%         2
 Ensorcelled Hibernation  Hex/Ice        0%         N/A       99%         2
 Jinxbite                 Hex            0%         N/A       99%         2
 Lesser Beckoning         Tloc           0%         N/A       99%         2
 Passwall                 Tmut/Erth      0%         N/A       99%         2
 Scorch                   Fire           0%         2d5       99%         2
 Searing Ray              Conj           0%         2d4       99%         2
 Static Discharge         Conj/Air       0%         3-3/arc   99%         2
 Sublimation of Blood     Necr           0%         N/A       99%         2
 Call Canine Familiar     Summ           0%         N/A       100%        3
 Dazzling Flash           Conj/Hex       0%         N/A       100%        3
 Frozen Ramparts          Ice            0%         1d1       100%        3
 Gell's Gravitas          Tloc           0%         N/A       100%        3
 Ignite Poison            Fire/Tmut/Pois 0%         N/A       100%        3
 Inner Flame              Hex/Fire       0%         N/A       100%        3
 Mephitic Cloud           Conj/Pois/Air  0%         N/A       100%        3
 Ozocubu's Armour         Ice            0%         N/A       100%        3
 Sigil of Binding         Hex            0%         N/A       100%        3
 Stone Arrow              Conj/Erth      0%         3d7       100%        3
 Summon Guardian Golem    Hex/Summ       0%         N/A       100%        3
 Teleport Other           Tloc           0%         N/A       100%        3
 Tukima's Dance           Hex            0%         N/A       100%        3
 Vampiric Draining        Necr           0%         2d6       100%        3
 Volatile Blastmotes      Fire/Tloc      0%         2d10      100%        3
 Airstrike                Air            0%         2d(0-16)  100%        4
 Anguish                  Hex/Necr       0%         N/A       100%        4
 Animate Armour           Summ/Erth      0%         N/A       100%        4
 Animate Dead             Necr           0%         N/A       100%        4
 Brom's Barrelling Bould  Conj/Erth      0%         2d3       100%        4
 Cause Fear               Hex            0%         N/A       100%        4
 Dimensional Bullseye     Hex/Tloc       0%         N/A       100%        4
 Dispel Undead            Necr           0%         3d6       100%        4
 Flame Wave               Conj/Fire      0%         2d4       100%        4
 Fulminant Prism          Conj/Hex       0%         3d5       100%        4
 Iskenderun's Mystic Bla  Conj/Tloc      0%         2d3       100%        4
 Leda's Liquefaction      Hex/Erth       0%         N/A       100%        4
 Olgreb's Toxic Radiance  Pois           0%         N/A       100%        4
 Passage of Golubria      Tloc           0%         N/A       100%        4
 Petrify                  Tmut/Erth      0%         N/A       100%        4
 Sticky Flame             Conj/Fire      0%         2d3       100%        4
 Summon Lightning Spire   Summ/Air       0%         N/A       100%        4
 Vhi's Electric Charge    Tloc/Air       0%         N/A       100%        4
 Agony                    Necr           0%         N/A       100%        5
 Alistair's Intoxication  Tmut/Pois      0%         N/A       100%        5
 Arcjolt                  Conj/Air       0%         1d10      100%        5
 Borgnjor's Vile Clutch   Necr/Erth      0%         N/A       100%        5
 Irradiate                Conj/Tmut      0%         3d11      100%        5
 Lee's Rapid Deconstruct  Erth           0%         3d4*      100%        5
 Metabolic Englaciation   Hex/Ice        0%         N/A       100%        5
 Silence                  Hex/Air        0%         N/A       100%        5
 Yara's Violent Unravell  Hex/Tmut       0%         3d3       100%        5
 Bombard                  Conj/Erth      0%         9d1       100%        6
 Conjure Ball Lightning   Conj/Air       0%         3x3d6     100%        6
 Death Channel            Necr           0%         N/A       100%        6
 Eringya's Noxious Bog    Tmut/Pois      0%         4d6       100%        6
 Plasma Beam              Fire/Air       0%         2x1d10    100%        6
 Simulacrum               Ice/Necr       0%         N/A       100%        6
 Starburst                Conj/Fire      0%         6d3       100%        6
 Enfeeble                 Hex            0%         N/A       100%        7
 Malign Gateway           Summ/Tloc      0%         N/A       100%        7
 Orb of Destruction       Conj           0%         9d5       100%        7
 Ozocubu's Refrigeration  Ice            0%         4d7       100%        7
 Spellforged Servitor     Conj/Summ      0%         N/A       100%        7
 Summon Hydra             Summ           0%         N/A       100%        7
 Borgnjor's Revivificati  Necr           0%         N/A       100%        8
 Discord                  Hex            0%         N/A       100%        8
 Disjunction              Tloc           0%         N/A       100%        8
 Summon Horrible Things   Summ           0%         N/A       100%        8

Inventory:

Hand Weapons
 a - a +8 broad axe of flaming (weapon) {axe}
   (You found it on level 3 of the Lair of Beasts)
 U - the +8 battleaxe of Cocytus {spect, rF+ rN+, axe}
   (You found it on level 5 of the Lair of Beasts)

   rF+:       It protects you from fire.
   rN+:       It protects you from negative energy.
Armour
 e - a +2 tower shield of protection (worn)
   (You took it off a naga warrior on level 3 of the Snake Pit)
 m - a +2 pair of boots of flying
   (You found it on level 2 of the Dungeon)
 t - a +2 pair of gloves of stealth (worn)
   (You found it in a Gauntlet)
 x - a +2 pair of boots of rampaging (worn)
   (You found it in a Gauntlet)
 y - a scarf of resistance (worn)
   (You found it on level 2 of the Depths)
 C - a +2 cloak
   (You found it on level 6 of the Dungeon)
 V - the +0 mask of the Dragon (worn) {Will+ Slay+3 SInv}
   (You found it on level 5 of the Lair of Beasts)

   Slay+3:    It affects your accuracy & damage with ranged weapons and melee
   (+3).
   Will+:     It increases your willpower.
   SInv:      It lets you see invisible.
 Z - +8 storm dragon scales (worn) {rare}
   (You found it on level 4 of the Depths)
Jewellery
 j - the ring "Pipn" (left hand) {Contam rCorr EV+5 Dex+5}
   (You took it off a deep elf death mage on level 3 of the Elven Halls)

   [ring of evasion]

   EV+5:      It affects your evasion (+5).
   Dex+5:     It affects your dexterity (+5).
   Contam:    It causes magical contamination when unequipped.
   rCorr:     It protects you from acid and corrosion.
 q - the amulet "Buvipe" (around neck) {RegenMP +Blink Will++ Regen+ Int-5}
   (You acquired it on level 8 of the Dungeon)

   [amulet of magic regeneration]

   RegenMP:   It increases your rate of magic regeneration.
   Int-5:     It affects your intelligence (-5).
   Will++:    It greatly increases your willpower.
   +Blink:    It lets you blink.
   Regen+:    It increases your rate of health regeneration.
 L - a ring of poison resistance
   (You bought it in a shop on level 4 of the Dungeon)
 O - a ring of ice
   (You took it off a vault warden on level 5 of the Vaults)
 Y - the ring of the Hare (right hand) {EV+10}
   (You found it on level 5 of the Lair of Beasts)

   [ring of evasion]

   EV+10:     It affects your evasion (+10).
Wands
 c - a wand of polymorph (13)
   (You took it off a salamander on level 2 of the Snake Pit)
 p - a wand of iceblast (39)
   (You took it off Ijyb on level 3 of the Dungeon)
 w - a wand of mindburst (19)
   (You found it on level 9 of the Dungeon)
 B - a wand of charming (76)
   (You found it on level 5 of the Dungeon)
 H - a wand of flame (112)
   (You took it off a naga on level 2 of the Snake Pit)
 I - a wand of acid (19)
   (You found it on level 2 of the Swamp)
 N - a wand of digging (10)
   (You found it on level 4 of the Lair of Beasts)
Scrolls
 b - 9 scrolls of fear
 g - 8 scrolls of poison {!r}
 h - 7 scrolls of teleportation {@r4}
 n - a scroll of revelation
 u - a scroll of blinking {!r}
 v - 9 scrolls of vulnerability {!r!r}
 F - 2 scrolls of silence {!r}
 J - 10 scrolls of immolation {!r!r}
 M - 5 scrolls of fog
Potions
 d - 6 potions of curing {@q1}
 f - 2 potions of attraction {!q}
 i - 3 potions of invisibility
 k - 3 potions of cancellation
 l - 9 potions of enlightenment
 A - 6 potions of heal wounds {@q2}
 E - 3 potions of resistance
 K - 10 potions of mutation {!q}
 S - 8 potions of magic
 T - a potion of berserk rage {!q}
Miscellaneous
 r - a phantom mirror (inert)
   (You found it on level 5 of the Vaults)
 s - a lightning rod (4/4)
   (You found it on level 1 of the Depths)
 G - a condenser vane (inert)
   (You found it on level 5 of the Vaults)
 Q - a phial of floods (inert)
   (You found it on level 5 of the Vaults)
 W - a box of beasts (inert)
   (You found it on level 5 of the Vaults)

Dungeon Overview and Level Annotations

Branches:
Dungeon (15/15)            Temple (1/1) D:5            Lair (5/5) D:10
  Swamp (4/4) Lair:3        Snake (4/4) Lair:2        Slime (0/5) Lair:4
    Orc (2/2) D:10            Elf (3/3) Orc:2        Vaults (5/5) D:14
  Crypt (0/3) Vaults:2     Depths (4/4) D:15            Zot (5/5) Depths:4
 WizLab (visited)         Gauntlet (visited)

Altars:
Ashenzari
Cheibriados
Dithmenos
Elyvilon
Fedhas
Gozag
Hepliaklqana
Kikubaaqudgha
Makhleb
Nemelex Xobeh
Okawaru
Qazlal
Ru
Sif Muna
Trog
Uskayaw
Vehumet
Wu Jian
Xom
Yredelemnul
Zin
The Shining One
Beogh

Shops:
D:4 =   D:13 *   D:15 !   Orc:1 ?:(=(   Orc:2 *[=(   Elf:1 [   Elf:2 [
Vaults:3 [   Vaults:5 (   Zot:1 *

Portals:
Hell: Depths:1 Depths:2 Depths:3 Depths:4
Abyss: Depths:3
Pandemonium: Depths:2
Ziggurat: Depths:2

Annotations:
D:8 exclusion: 2 doors
Lair:3 1 runed translucent door, Armakuni's ghost, journeyman HuRe
Swamp:1 Roxanne
Swamp:4 2 runed translucent doors, JaaP's ghost, journeyman MiFi
Elf:1 1 runed translucent door, zurenarrh's ghost, adept FoEE
Elf:2 3 runed translucent doors
Depths:2 3 runed translucent doors, Gaexku's ghost, veteran DrSh
Zot:5 exclusion: upstairs

### #@##
#..##
##...#
#....##
##.....#
#....).#
#......##
##.......#
#.......)##
###


There were no monsters in sight!


Message History

Your elder oxweird beast's corpse disappears in a puff of smoke!
You see here a +0 great sword {long}. 😮 HP[+2]
You regained 2 hp, and now have 175/258 hp.
You rampage towards the sixfirhy!
You miss the sixfirhy. You hit the lich. You burn the lich.
You block the sixfirhy's attack. x2
The lich casts a spell at you. The bolt of cold hits you. You resist.
The bolt of cold hits your oklob plant!!
The lich touches you.
You feel drained. 😮 HP[-8]
You now have 255 max hp (-3).
You take 8 damage, and now have 167/255 hp.
You slash the lich! You burn the lich. You miss the sixfirhy.
You block the lich's attack. 😮 HP[+1] Unknown command.
You slash the lich! You burn the lich. You slice the sixfirhy!!
You burn the sixfirhy!
You kill the sixfirhy!
Fedhas accepts your kill.
You can now grow an oklob plant.
You block the lich's attack.
Your Shields skill increases to level 21! 😮 HP[+1]
You now have 256 max hp (+1).
You slash the lich! You burn the lich. You block the lich's attack. 😮 HP[+1]
You slice the lich!! You burn the lich!
You destroy the lich!
Fedhas accepts your kill.
Your life force feels restored. 😮 HP[+1]
You now have 258 max hp (+2). 😮 HP[+2]
You regained 2 hp, and now have 173/258 hp.
You feel better. 😮 HP[+10]
You regained 10 hp, and now have 183/258 hp.
You feel better. 😕 HP[+11]
You regained 11 hp, and now have 194/258 hp.
You feel better. 😕 HP[+10]
You regained 10 hp, and now have 204/258 hp.
You feel better. 😕 HP[+9]
You regained 9 hp, and now have 213/258 hp.
You feel better. 😕 HP[+8]
You regained 8 hp, and now have 221/258 hp.
You feel better. 😕 HP[+10]
You regained 10 hp, and now have 231/258 hp.
Unknown command.
You see here a +0 great sword {long}.
An Orb Guardian comes into view. 😕 HP[+10]
You regained 10 hp, and now have 241/258 hp.
Unknown command. 😕 HP[+2]
You regained 2 hp, and now have 243/258 hp.
You rampage towards the Orb Guardian!
You open the Orb Guardian like a pillowcase!!!
You burn the Orb Guardian!
You block the Orb Guardian's attack. 😕 HP[+1]
You closely miss the Orb Guardian.
You block the Orb Guardian's attack. 😕 HP[+1]
You slash the Orb Guardian! You burn the Orb Guardian.
The Orb Guardian hits you but does no damage. 😕 HP[+1]
You closely miss the Orb Guardian.
The Orb Guardian closely misses you. 😕 HP[+1]
You slash the Orb Guardian! You burn the Orb Guardian.
You block the Orb Guardian's attack. 😕 HP[+1]
You slash the Orb Guardian! You burn the Orb Guardian.
You kill the Orb Guardian!
Fedhas accepts your kill. 😕 HP[+1] 😕 HP[+2]
You regained 2 hp, and now have 251/258 hp. 😕 HP[+1] 😕 HP[+1] 😕 HP[+2]
You regained 2 hp, and now have 255/258 hp.
There is a stone staircase leading up here. 😕 HP[+1]
You climb upwards.
You start to feel less resistant.
There is a stone staircase leading down here. 😎 HP[+2]
Your hp is fully restored (258).
Your resistance to elements expires.
There is a dry fountain here.
There is a staircase leading out of the dungeon here.
Unknown command.
Unknown command.
You have escaped!

Skill      XL: |  1  2  3  4  5  6  7  8  9 10 11 12 13 14 15 16 17 18 19 20 21 22 23 24 25 26 |
---------------+-------------------------------------------------------------------------------+-----
Axes           | 2 3 6 7 9 11 13 17 19 20 21 22 24 25 | 25.0
Fighting       | 3 5 6 8 10 11 14 16 19 20 21 22 24 25 | 25.0
Armour         | 3 7 9 12 15 16 17 | 17.5
Dodging        | 2 5 7 11 12 14 | 14.0
Evocations     | 4 10 15 16 | 16.7
Stealth        | 10 | 10.0
Invocations    | 14 16 17 | 17.7
Shields        | 12 17 20 21 | 21.1
Short Blades   | |  2.0
Throwing       | |  1.7

Action                     |  1- 3 |  4- 6 |  7- 9 | 10-12 | 13-15 | 16-18 | 19-21 | 22-24 | 25-27 || total
---------------------------+-------+-------+-------+-------+-------+-------+-------+-------+-------++-------
  Melee: Dagger            |    30 |       |       |       |       |       |       |       |       ||    30
         Hand axe          |    92 |   119 |   450 |       |       |       |       |       |       ||   661
         Punch             |       |     2 |     9 |       |       |       |       |       |       ||    11
         Battleaxe         |       |       |    30 |   513 |   740 |   751 |   938 |   880 |       ||  3852
         Dire flail        |       |       |       |       |     6 |       |       |       |       ||     6
         Broad axe         |       |       |       |       |       |       |       |   170 |   367 ||   537
  Throw: Dart              |    23 |    15 |    68 |    14 |     4 |       |       |       |       ||   124
         Throwing net      |       |       |       |     1 |       |       |       |       |       ||     1
 Invoke: Trog's Hand       |       |     2 |     1 |       |     2 |     5 |     7 |       |       ||    17
         Berserk           |       |     2 |     6 |     5 |     4 |     2 |       |       |       ||    19
         Brothers in Arms  |       |       |       |       |     3 |     8 |     9 |       |       ||    20
         Grow Ballistomyce |       |       |       |       |       |       |     3 |    17 |     6 ||    26
         Grow Oklob        |       |       |       |       |       |       |       |    12 |     4 ||    16
         Wall of Briars    |       |       |       |       |       |       |       |     2 |       ||     2
Ability: Evoke Blink       |       |       |       |       |       |       |     9 |     6 |     1 ||    16
  Evoke: Wand              |       |     1 |     5 |     9 |     4 |     1 |    17 |       |     5 ||    42
         Lightning rod     |       |       |       |       |       |       |     4 |       |       ||     4
         Box of beasts     |       |       |       |       |       |       |       |       |     2 ||     2
         Phantom mirror    |       |       |       |       |       |       |       |       |     2 ||     2
         Phial of floods   |       |       |       |       |       |       |       |       |     1 ||     1
         Condenser vane    |       |       |       |       |       |       |       |       |     1 ||     1
    Use: Scroll            |       |       |     4 |     4 |    14 |     6 |    22 |    32 |     5 ||    87
         Potion            |       |       |       |       |       |       |     4 |    15 |    30 ||    49
   Stab: Sleeping          |     6 |       |     3 |     3 |     4 |    11 |     5 |     2 |       ||    34
         Distracted        |       |       |       |     3 |    12 |    28 |    27 |    43 |     2 ||   115
         Confused          |       |       |       |       |       |       |       |     7 |     4 ||    11
         Fleeing           |       |       |       |       |       |       |       |     2 |       ||     2
         Invisible         |       |       |       |       |       |       |       |       |     1 ||     1
 Armour: Robe              |    53 |       |       |       |       |       |       |       |       ||    53
         Leather armour    |     7 |    30 |       |       |       |       |       |       |       ||    37
         Ring mail         |       |    38 |   265 |       |       |       |       |       |       ||   303
         Acid dragon scale |       |       |    13 |   307 |   340 |   169 |       |       |       ||   829
         Plate armour      |       |       |       |       |       |   175 |   432 |   214 |       ||   821
         Storm dragon scal |       |       |       |       |       |       |       |   260 |   107 ||   367
  Dodge: Dodged            |    60 |    55 |   165 |   257 |   419 |   597 |   709 |   730 |   170 ||  3162
  Block: Tower shield      |       |       |       |       |       |       |       |   205 |   245 ||   450

Levels and vault maps discovered:
D:1:      eino_arrival_cavern_a, layout_rooms,
          dilly_ecumenical_altar_fadedgnrine
D:2:      layout_basic
D:3:      layout_basic, mainiacjoe_overflow_cross_hatched, old_standard_altar,
          biasface_ghost_orc_armoury, wander_ebering_terrifying_dragon_lair,
          uniq_ijyb, uniq_sigmund, uniq_grinder
D:4:      layout_basic, serial_shops, shop, wad_rectangle_vault
D:5:      layout_basic, minmay_temple_entry_butterflies,
          chequers_serial_rivers_marsh, nicolae_nh_ransacked_shop
D:6:      layout_rooms, nicolae_vehumet_radiance,
          nicolae_elevator_lobby_asterisk, uniq_jeremiah
D:7:      layout_basic, glass_columns_a, minivault_19, lemuel_flame_loot_1
D:8:      kennysheep_big_flooded_room, layout_basic, minmay_door_square,
          minmay_liquid_box, dk_vineyard_2
D:9:      layout_loops_cross, nicolae_overflow_hallway_of_the_gods
D:10:     layout_roguey, dpeg_oklobed_lair,
          kennysheep_orc_monster_closet_entryway, serial_glass, glass_columns_b,
          glass_columns_a, glass_columns_a, glass_columns_a, glass_columns_a,
          uniq_psyche
D:11:     layout_cave_pods, uniq_gastronok
D:12:     layout_gridville, gauntlet_entry_generic
D:13:     layout_rooms, serial_shops, nicolae_shop_overgrown_old_shop,
          grunt_decor_one_mirror
D:14:     layout_stronghold, david_vaults_4, dreamdust_wishing_well
D:15:     grunt_enter_depths_snipers, layout_basic,
          nicolae_dithmenos_through_a_glass_darkly, serial_shops, shop,
          wad_hexagon
Temple:   nicolae_temple_godzebo
Lair:1:   layout_chaotic_city, grunt_megastairs_4
Lair:2:   layout_gridlike, nicolae_snake_entry_squirm, grunt_megastairs_2
Lair:3:   layout_gridlike, nicolae_swamp_entry_splash_gauntlet,
          hellmonk_ghost_happy_afterlife, grunt_forest_large_clearings,
          uniq_fannar
Lair:4:   beast_lair_carwin_large_4, layout_cave_pods,
          nicolae_slime_entry_field_trip, uniq_rupert
Lair:5:   minmay_lair_end_enchanted_forest, layout_hall_layers,
          minmay_lair_oklob_items, grunt_forest_large_clearing_hut, uniq_snorg
Swamp:1:  layout_basic_swamp, evilmike_swamp_ruin_rubble_1, uniq_nikola,
          uniq_kirke, uniq_roxanne, uniq_frances
Swamp:2:  layout_basic_swamp, serial_swamp_ruin, hangedman_swamp_ruin_hall,
          evilmike_swamp_ruin_house_6, evilmike_swamp_ruin_house_3,
          infiniplex_staircase_pool
Swamp:3:  layout_falls_marsh, evilmike_swamp_ruin_house_5, swamp_pool3,
          nicolae_swamp_reclaimed_castle
Swamp:4:  swamp_alternative, layout_basic_swamp, ebering_ghost_disaster_area,
          uniq_louise
Snake:1:  layout_layer_cave, nicolae_triple_integral, grunt_megastairs_1
Snake:2:  layout_misc_corridors, serial_bayou_shore_a, serial_bayou_shore_b,
          nicolae_integral_box, uniq_aizul
Snake:3:  layout_basic, drop_trap, uniq_azrael
Snake:4:  johnstein_snake_rune_scales, layout_layer_cave,
          gammafunk_ghost_berserking_beasts
Orc:1:    layout_caves, serial_shops, shop, nicolae_shop_tiny_statue_garden,
          nicolae_shop_hallway_plus, shop, nicolae_shop_hallway_stairs
Orc:2:    grunt_orc_cross, layout_diamond_mine, basic_altar, uniq_nessos,
          uniq_jorgrun
Elf:1:    elf_arrival_002, layout_gridlike, serial_shops,
          nicolae_shop_mannequins, ebering_ghost_reflecting_pool,
          hangedman_elf_represent
Elf:2:    nicolae_elf_blades_crystal_corner, layout_geoelf_octagon,
          gammafunk_ghost_arena, serial_shops, nicolae_shop_advertising_works
          [nicolae_subvault_shop_adworks], uniq_zenata
Elf:3:    minmay_elf_hall, layout_onion_city, enter_trove_1,
          grunt_ministairs_13, hex_large, nrook_loot_triangle
Vaults:1: nicolae_vaults_back_hallway, nicolae_vaults_house_1,
          nicolae_vaults_spaceships, v_misc_11, nicolae_vaults_tetromino_Z_1,
          nicolae_vaults_c_with_doors, nicolae_vaults_tetromino_L_2,
          nicolae_vaults_surprise_closet, hangedman_vaults_unwind,
          nicolae_vaults_trapezoid_layered, vaults_room_fours,
          nicolae_vaults_diagonal_hallway_8, nicolae_vaults_double_plus_2,
          layout_vaults_omnibox, serial_shops, bzr_entry_road
Vaults:2: minmay_crypt_entry_simple_plaza, ontoclasm_vaults_gateway,
          nicolae_vaults_network_quinsquares
          [nicolae_vaults_network_quincunx_subvault,
          nicolae_vaults_network_quincunx_subvault,
          nicolae_vaults_network_quincunx_subvault,
          nicolae_vaults_network_quincunx_subvault], v_misc_2,
          vaults_room_corners, hangedman_vaults_locks, vaults_dpeg_encased_lava,
          v_alt_pattern_6, nicolae_vaults_mini_display_case,
          nicolae_vaults_cochlea, nicolae_vaults_diamond_2,
          vaults_dpeg_emergency_exit, nicolae_vaults_little_squares_6,
          vaults_room_hallway, nicolae_vaults_diagonal_hallway_6,
          layout_vaults_ring
Vaults:3: nicolae_vaults_three_branches, vaults_room_grid,
          nicolae_vaults_offset_grid_hallway_2,
          nicolae_vaults_storage_room_water, grunt_vaults_diagonal,
          nicolae_vaults_triangles, nicolae_vaults_diamond_2,
          nicolae_vaults_double_plus_3, nicolae_vaults_border_crossing,
          v_misc_19, layout_vaults_omnigrid, serial_shops, nicolae_square_shop
Vaults:4: ontoclasm_vaults_eye, grunt_vaults_swirl, grunt_vaults_twisty,
          nicolae_vaults_trapezoid_lopsided_3, v_alt_pattern_6,
          ontoclasm_vaults_ligature, v_misc_18, vaults_room_fancy_cross,
          nicolae_vaults_network_barrier, grunt_vaults_focal,
          vaults_room_stairs_pillars, layout_vaults_omnicross
Vaults:5: uniq_mennas
Depths:1: layout_roguey, chequers_decorated_corner, pf_dread_powers_of_hell,
          kennysheep_generic_room_8
Depths:2: cheibrodos_spurs, layout_cave_pools, enter_ziggurat_e,
          biasface_ghost_demon_polymorph, nicolae_qazlal_general_emergency,
          rand_demon_pan_entry_4, mu_enter_wizlab_3, hell_entry,
          grunt_ministairs_7
Depths:3: nicolae_cairo_tiling_large, layout_gridville, minmay_crystal_water,
          pf_coc_iceberg, abyss_entry
Depths:4: grunt_zot_entry_gee_three, layout_basic, hell_entry,
          minmay_misc_feat_four_crosses
Zot:1:    layout_misc_corridors, grunt_ministairs_7, nicolae_shop_clearance
Zot:2:    kennysheep_blocky_room, layout_onion, regret_index_zotdec_misc_clamp
Zot:3:    layout_basic, hangedman_elemental_corridor
Zot:4:    dreamdust_black_sun_cult, layout_misc_corridors, skrybe_zot_glass_2,
          uniq_parghit
Zot:5:    layout_basic

Notes
Turn   | Place    | Note
-------+----------+-------------------------------------------
     0 | D:1      | MackTheKnife the Hill Orc Brigand began the quest for the
                  | Orb.
     0 | D:1      | Reached XP level 1. HP: 18/18 MP: 1/1
     0 | D:1      | magus.rc [v1.9.6]
   102 | D:1      | Reached skill level 1 in Axes
   361 | D:1      | HP: 4/18 [constriction (1)]
   448 | D:1      | You pick up a book of Geomancy and begin reading...
   448 | D:1      | You add the spells Sandblast, Passwall, Stone Arrow and
                  | Brom's Barrelling Boulder to your library.
   457 | D:1      | Reached skill level 2 in Axes
   490 | D:1      | Reached XP level 2. HP: 25/25 MP: 2/2
   713 | D:1      | Found a faded altar of an unknown god.
   720 | D:1      | Prayed at the altar of an unknown god.
   720 | D:1      | Became a worshipper of Trog the Wrathful
   720 | D:1      | Reached * piety under Trog
   897 | D:2      | Reached skill level 3 in Axes
  1199 | D:2      | Reached XP level 3. HP: 30/30 MP: 3/3
  1259 | D:2      | Reached skill level 3 in Fighting
  1453 | D:2      | Reached ** piety under Trog
  1879 | D:3      | Reached XP level 4. HP: 20/38 MP: 4/4
  2067 | D:3      | Noticed Ijyb
  2082 | D:3      | Killed Ijyb
  2083 | D:3      | Reached skill level 4 in Axes
  2194 | D:3      | Noticed Grinder
  2211 | D:3      | Paralysed by Grinder for 4 turns
  2220 | D:3      | Killed Grinder
  2221 | D:3      | Reached skill level 5 in Fighting
  2221 | D:3      | Reached skill level 6 in Axes
  2221 | D:3      | Reached XP level 5. HP: 48/48 MP: 5/5
  2221 | D:3      | Reached XP level 6. HP: 56/56 MP: 6/6
  2501 | D:3      | Found a glowing silver altar of Zin.
  2878 | D:3      | Found a blossoming altar of Fedhas.
  2903 | D:3      | Noticed Sigmund
  3139 | D:3      | Reached skill level 7 in Axes
  3337 | D:3      | Found a runed translucent gate.
  3338 | D:3      | Found a runed translucent gate.
  3339 | D:3      | Found a runed translucent gate.
  3343 | D:3      | Noticed KineticRobot's ghost (amateur HOMo)
  3345 | D:3      | Identified the +3 whip of Doom {holy, Int+3}
  3627 | D:3      | Found a roughly hewn altar of Beogh.
  3682 | D:4      | Reached XP level 7. HP: 59/61 MP: 7/7
  3899 | D:4      | Reached skill level 8 in Axes
  3945 | D:4      | Reached skill level 9 in Axes
  4224 | D:4      | You pick up a book of Storms {forbidden} and begin
                  | reading...
  4224 | D:4      | You add the spells Static Discharge, Airstrike and Summon
                  | Lightning Spire to your library.
  4580 | D:4      | Reached *** piety under Trog
  4803 | D:4      | Found Nischeom's Jewellery Shoppe.
  4806 | D:4      | Identified the +0 shortbow "Hymeratsy" {antimagic, Fly
                  | SInv}
  4959 | D:5      | Entered Level 5 of the Dungeon
  4993 | D:5      | You pick up a book of Unlife {forbidden} and begin
                  | reading...
  4993 | D:5      | You add the spells Animate Dead, Borgnjor's Vile Clutch and
                  | Death Channel to your library.
  5037 | D:5      | Reached skill level 6 in Fighting
  5037 | D:5      | Reached XP level 8. HP: 54/70 MP: 8/8
  5200 | D:5      | Reached skill level 10 in Axes
  5535 | D:5      | Found a staircase to the Ecumenical Temple.
  5962 | D:5      | Reached skill level 7 in Fighting
  6364 | D:6      | Reached skill level 11 in Axes
  6440 | D:6      | Reached skill level 8 in Fighting
  6526 | D:6      | Noticed Jeremiah
  6919 | D:5      | Reached XP level 9. HP: 68/82 MP: 9/9
  7190 | D:6      | Found a radiant altar of Vehumet.
  7386 | D:6      | Killed Jeremiah
  7387 | D:6      | Reached skill level 9 in Fighting
  7387 | D:6      | Reached skill level 12 in Axes
  7448 | D:6      | You add the spells Tukima's Dance, Passage of Golubria and
                  | Yara's Violent Unravelling to your library.
  7613 | D:3      | Killed KineticRobot's ghost
  7673 | D:3      | Killed Sigmund
  8003 | D:7      | HP: 28/127 [wyvern (12)]
  8217 | D:7      | You pick up a book of Flames {forbidden} and begin
                  | reading...
  8217 | D:7      | You add the spells Inner Flame, Sticky Flame and Flame Wave
                  | to your library.
  8382 | D:7      | Reached skill level 10 in Fighting
  8622 | D:7      | Reached skill level 13 in Axes
  8693 | D:7      | Reached **** piety under Trog
  9128 | D:7      | You pick up a book of Displacement {forbidden} and begin
                  | reading...
  9128 | D:7      | You add the spells Lesser Beckoning, Gell's Gravitas and
                  | Teleport Other to your library.
  9215 | D:7      | Reached XP level 10. HP: 75/92 MP: 10/10
  9221 | D:7      | Reached skill level 14 in Axes
  9474 | D:7      | Reached skill level 15 in Axes
  9768 | D:4      | Bought a ring of poison resistance for 280 gold pieces
 10258 | D:8      | You pick up a book of Callings {forbidden} and begin
                  | reading...
 10258 | D:8      | You add the spells Summon Small Mammal, Call Canine
                  | Familiar and Summon Guardian Golem to your library.
 10259 | D:8      | Identified a scroll of acquirement
 10259 | D:8      | Acquired the amulet "Buvipe" {RegenMP +Blink Will++ Regen+
                  | Int-5}
 10367 | D:8      | Reached skill level 16 in Axes
 10819 | D:8      | Noticed a two-headed ogre
 10828 | D:8      | Killed a two-headed ogre
 10829 | D:8      | Reached skill level 17 in Axes
 11229 | D:9      | Reached skill level 1 in Armour
 11229 | D:9      | Reached skill level 1 in Dodging
 11353 | D:9      | Noticed a two-headed ogre
 11360 | D:9      | Killed a two-headed ogre
 11361 | D:9      | Reached skill level 3 in Armour
 11361 | D:9      | Reached skill level 2 in Dodging
 11361 | D:9      | Reached XP level 11. HP: 100/100 MP: 11/11
 11370 | D:9      | Found a bloodstained altar of Trog.
 11370 | D:9      | Found a hazy altar of Hepliaklqana.
 11373 | D:9      | Found a snail-covered altar of Cheibriados.
 11380 | D:9      | Found an iron altar of Okawaru.
 11380 | D:9      | Found an ornate altar of the Wu Jian Council.
 11387 | D:9      | Found a sparkling altar of Nemelex Xobeh.
 11388 | D:9      | Found a stormy altar of Qazlal.
 11426 | D:9      | Reached skill level 3 in Dodging
 11441 | D:9      | Reached skill level 4 in Armour
 11640 | D:9      | Reached ***** piety under Trog
 11659 | D:9      | You pick up a book of Necromancy {forbidden} and begin
                  | reading...
 11659 | D:9      | You add the spells Necrotise, Vampiric Draining and Agony
                  | to your library.
 11943 | D:10     | Entered Level 10 of the Dungeon
 12018 | D:10     | Found a staircase to the Lair.
 12056 | D:10     | You pick up a book of Necromancy {forbidden} and begin
                  | reading...
 12256 | D:10     | Reached skill level 5 in Armour
 12256 | D:10     | Reached skill level 4 in Dodging
 12394 | D:10     | Noticed Psyche
 12399 | D:10     | Killed Psyche
 12625 | D:10     | Found a staircase to the Orcish Mines.
 12688 | D:10     | Received a gift from Trog
 12710 | D:10     | Reached skill level 6 in Armour
 12946 | Lair:1   | Entered Level 1 of the Lair of Beasts
 12994 | Lair:1   | Reached skill level 5 in Dodging
 13064 | Lair:1   | Reached skill level 7 in Armour
 13103 | Lair:1   | Reached skill level 1 in Evocations
 13115 | Lair:1   | Reached skill level 2 in Evocations
 13167 | Lair:1   | Reached skill level 3 in Evocations
 13215 | Lair:1   | Reached skill level 4 in Evocations
 13216 | Lair:1   | Reached XP level 12. HP: 100/106 MP: 12/12
 13272 | Lair:1   | Reached skill level 5 in Evocations
 13373 | Lair:1   | Reached skill level 6 in Evocations
 13385 | Lair:1   | Reached skill level 7 in Evocations
 13743 | Lair:1   | Reached skill level 8 in Evocations
 14206 | Lair:2   | Reached skill level 9 in Evocations
 14613 | Lair:2   | Found a staircase to the Snake Pit.
 14917 | Lair:3   | Noticed a catoblepas
 14925 | Lair:3   | Reached skill level 10 in Evocations
 14941 | Lair:3   | Killed a catoblepas
 15028 | Lair:3   | Received a gift from Trog
 15044 | Lair:3   | Noticed Fannar
 15062 | Lair:3   | Killed Fannar
 15063 | Lair:3   | Reached skill level 11 in Fighting
 15143 | Lair:3   | Reached XP level 13. HP: 88/116 MP: 13/13
 15201 | Lair:3   | Reached skill level 18 in Axes
 15599 | Lair:3   | Noticed Armakuni's ghost (journeyman HuRe)
 15608 | Lair:3   | Found a runed translucent door.
 15682 | Lair:3   | Found a staircase to the Swamp.
 15685 | Lair:3   | Reached skill level 12 in Fighting
 16177 | Lair:4   | Reached skill level 19 in Axes
 16181 | Lair:4   | Reached skill level 13 in Fighting
 16269 | Lair:4   | Found a staircase to the Slime Pits.
 16464 | Lair:4   | Noticed a dire elephant
 16478 | Lair:4   | Killed a dire elephant
 16645 | Lair:4   | Noticed Rupert
 16652 | Lair:4   | Killed Rupert
 16653 | Lair:4   | Reached skill level 14 in Fighting
 16724 | Lair:4   | Reached XP level 14. HP: 126/132 MP: 14/14
 16878 | Lair:4   | Reached skill level 20 in Axes
 16906 | Lair:4   | Reached skill level 15 in Fighting
 17357 | Lair:5   | Entered Level 5 of the Lair of Beasts
 17360 | Lair:5   | Identified the +8 battleaxe of Cocytus {spect, rF+ rN+}
 17378 | Lair:5   | Found the +0 mask of the Dragon {Will+ Slay+3 SInv}
 17711 | Lair:5   | Reached skill level 16 in Fighting
 17874 | Lair:5   | Reached skill level 6 in Dodging
 17921 | Lair:5   | Reached skill level 8 in Armour
 18108 | Lair:5   | Found the ring of the Hare {EV+10}
 18138 | Lair:5   | Received a gift from Trog
 18231 | Lair:5   | You pick up a book of the Earth {forbidden} and begin
                  | reading...
 18231 | Lair:5   | You add the spells Leda's Liquefaction, Lee's Rapid
                  | Deconstruction and Bombard to your library.
 18278 | Lair:5   | Noticed Snorg
 18285 | Lair:5   | Killed Snorg
 18482 | Lair:5   | Reached skill level 9 in Armour
 18914 | Orc:1    | Entered Level 1 of the Orcish Mines
 18914 | Orc:1    | Found Ulubb's Weapon Shoppe.
 18924 | Orc:1    | Reached skill level 7 in Dodging
 19031 | Orc:1    | Found Gufav's Book Boutique.
 19067 | Orc:1    | Noticed an orc warlord
 19080 | Orc:1    | Killed an orc warlord
 19152 | Orc:1    | Found Xuzaa's Jewellery Shoppe.
 19164 | Orc:1    | Found Gadoxaeci's Antique Weapon Emporium.
 19215 | Orc:1    | Found Wuptupic's Magic Scroll Boutique.
 19227 | Orc:1    | Bought a scroll of identify for 28 gold pieces
 19227 | Orc:1    | Bought a scroll of identify for 28 gold pieces
 19227 | Orc:1    | Bought a scroll of identify for 28 gold pieces
 19227 | Orc:1    | Bought a scroll of identify for 28 gold pieces
 19359 | Orc:2    | Entered Level 2 of the Orcish Mines
 19410 | Orc:2    | Reached XP level 15. HP: 125/144 MP: 15/15
 19480 | Orc:2    | Noticed Nessos
 19513 | Orc:1    | Killed Nessos
 19514 | Orc:1    | Reached skill level 10 in Armour
 19900 | Orc:2    | Reached skill level 8 in Dodging
 19957 | Orc:2    | Noticed an orc warlord
 19977 | Orc:1    | Killed an orc warlord
 19977 | Orc:1    | Identified the +2 executioner's axe of Revolt {heavy, rC+
                  | rN+} (Trog gifted it to you on level 1 of the Orcish Mines)
 19977 | Orc:1    | Received a gift from Trog
 20028 | Orc:2    | Noticed Blork the orc
 20051 | Orc:2    | Killed Blork the orc
 20051 | Orc:2    | Reached ****** piety under Trog
 20070 | Orc:2    | Found a roughly hewn altar of Beogh.
 20109 | Orc:2    | Found Udwo's Antique Weapon Shoppe.
 20112 | Orc:2    | Found Hareach's Jewellery Shoppe.
 20155 | Orc:2    | Found a staircase to the Elven Halls.
 20163 | Orc:2    | Noticed Jorgrun
 20164 | Orc:2    | Reached skill level 11 in Armour
 20179 | Orc:2    | Killed Jorgrun
 20230 | Orc:2    | Found a roughly hewn altar of Beogh.
 20321 | Orc:2    | Found Kopacy's General Store.
 20327 | Orc:2    | Bought a potion of might for 52 gold pieces
 20327 | Orc:2    | Bought a scroll of blinking for 97 gold pieces
 20336 | Orc:2    | Found Hostatok's Antique Armour Shoppe.
 20686 | D:11     | Noticed Gastronok
 20703 | D:11     | Killed Gastronok
 20843 | D:11     | Identified the +7 executioner's axe of Exquisite Death
                  | {heavy, Dex+5} (Trog gifted it to you on level 11 of the
                  | Dungeon)
 20843 | D:11     | Received a gift from Trog
 20959 | D:11     | Reached skill level 9 in Dodging
 21576 | D:12     | Found a gate leading to a gauntlet.
 21585 | Gauntlet | Entered a Gauntlet
 21585 | Gauntlet | Found a transporter.
 21593 | Gauntlet | Found a transporter.
 21596 | Gauntlet | Found a transporter.
 21607 | Gauntlet | Found a transporter.
 21610 | Gauntlet | Found a transporter.
 21623 | Gauntlet | Found a transporter.
 21648 | Gauntlet | Found a transporter.
 21664 | Gauntlet | Found a transporter.
 21701 | Gauntlet | Found a transporter.
 21820 | Gauntlet | Found a transporter.
 21851 | Gauntlet | Found a transporter.
 21890 | Gauntlet | Identified the ring "Qiulabu" {Wiz rC- Str-5 Slay+4 Stlth+}
 21904 | Gauntlet | You pick up a book of Misfortune {forbidden} and begin
                  | reading...
 21923 | D:12     | Reached skill level 12 in Armour
 22064 | D:12     | Identified the +5 rapier of Kismet {heavy, Str+7}
 22070 | D:12     | Reached skill level 10 in Dodging
 22100 | D:12     | Identified the +1 scale mail of the Eternal Fruit {rF++
                  | Int+2 Dex-3 Slay+2}
 22424 | D:12     | Upgraded the game from 0.31-a0-963-ga325b2283a to
                  | 0.31-a0-965-g8a8ce12e04
 22424 | D:12     | magus.rc [v1.9.6]
 22424 | D:12     | magus.rc [v1.9.6]
 22480 | D:13     | Received a gift from Trog
 22562 | D:13     | Found Ruixauph's Assorted Antiques.
 22600 | D:13     | Bought a blue potion for 29 gold pieces
 22961 | D:14     | Reached skill level 11 in Dodging
 22961 | D:14     | Reached XP level 16. HP: 98/151 MP: 16/16
 23158 | D:14     | You pick up a book of Lightning {forbidden} and begin
                  | reading...
 23158 | D:14     | You add the spells Vhi's Electric Charge, Arcjolt and
                  | Plasma Beam to your library.
 23165 | D:14     | You pick up a book of Decay {forbidden} and begin
                  | reading...
 23165 | D:14     | You add the spells Cigotuvi's Dreadful Rot and Dispel
                  | Undead to your library.
 23556 | D:14     | Found a gate to the Vaults.
 23611 | D:14     | You add the spells Alistair's Intoxication and Eringya's
                  | Noxious Bog to your library.
 23648 | D:14     | Reached skill level 12 in Dodging
 23686 | D:14     | Identified the +2 robe of Pleasant Breezes {Harm}
 23852 | D:15     | Entered Level 15 of the Dungeon
 24062 | D:15     | You pick up a book of Lightning {forbidden} and begin
                  | reading...
 24180 | D:15     | Found a shadowy altar of Dithmenos.
 24394 | D:15     | Found Jaenev's Distillery.
 24398 | D:15     | Bought 2 potions of haste for 260 gold pieces
 24398 | D:15     | Bought a potion of mutation for 104 gold pieces
 24867 | D:15     | Found a staircase to the Depths.
 25041 | D:15     | Reached skill level 17 in Fighting
 25052 | D:15     | Found a runed translucent door.
 25076 | D:15     | Identified the ring "Nuruko" {Contam +Blink rC- Int+6
                  | Stlth+}
 25388 | Snake:1  | Entered Level 1 of the Snake Pit
 25606 | Snake:1  | Received a gift from Trog
 26321 | Snake:1  | Reached skill level 18 in Fighting
 26966 | Snake:2  | Identified the serpent talisman of Caowkeog {rC+ rN++ Int+3
                  | Dex-2 Slay+3}
 26966 | Snake:2  | Noticed Aizul
 26977 | Snake:2  | Killed Aizul
 27093 | Snake:2  | Reached skill level 19 in Fighting
 27691 | Snake:3  | Reached XP level 17. HP: 135/168 MP: 17/17
 27773 | Snake:3  | Received a gift from Trog
 27815 | Snake:3  | Reached skill level 20 in Fighting
 27855 | Snake:3  | You pick up a book of Sloth {forbidden} and begin
                  | reading...
 27855 | Snake:3  | You add the spells Frozen Ramparts, Petrify and Metabolic
                  | Englaciation to your library.
 27864 | Snake:3  | Noticed Azrael
 27873 | Snake:3  | Killed Azrael
 27874 | Snake:3  | Reached skill level 4 in Stealth
 28130 | Snake:3  | You pick up a book of the Senses {forbidden} and begin
                  | reading...
 28130 | Snake:3  | You add the spells Dazzling Flash and Silence to your
                  | library.
 28220 | Snake:4  | Entered Level 4 of the Snake Pit
 28224 | Snake:4  | Reached skill level 5 in Stealth
 28314 | Snake:4  | Reached skill level 6 in Stealth
 28488 | Snake:4  | Received a gift from Trog
 28690 | Snake:4  | Reached skill level 7 in Stealth
 28785 | Snake:4  | Found a transporter.
 28785 | Snake:4  | Noticed littlecub's ghost (journeyman DsGl)
 28855 | Snake:4  | Found a transporter.
 28934 | Snake:4  | Reached skill level 8 in Stealth
 28947 | Snake:4  | Killed littlecub's ghost
 28971 | Snake:4  | Identified the ring of Eshregech {rC+ Dex+6}
 29041 | Snake:4  | Reached skill level 9 in Stealth
 29261 | Snake:4  | Reached skill level 10 in Stealth
 29261 | Snake:4  | Received a gift from Trog
 29299 | Snake:4  | Reached XP level 18. HP: 134/178 MP: 18/18
 29432 | Snake:4  | Reached skill level 13 in Dodging
 29512 | Snake:4  | You pick up a book of Changes {forbidden} and begin
                  | reading...
 29512 | Snake:4  | You add the spells Wereblood and Irradiate to your library.
 29522 | Snake:4  | Got a serpentine rune of Zot
 30432 | Swamp:1  | Entered Level 1 of the Swamp
 30452 | Swamp:1  | Noticed Nikola
 30463 | Swamp:1  | Killed Nikola
 30600 | Swamp:1  | Noticed Roxanne
 30649 | Swamp:1  | Noticed Frances
 30653 | Swamp:1  | Killed Frances
 30666 | Swamp:1  | Noticed Kirke
 30674 | Swamp:1  | Killed Kirke
 31252 | Swamp:2  | Reached skill level 13 in Armour
 31544 | Swamp:2  | You are sucked into a shaft and drop 1 floor!
 31564 | Swamp:3  | Reached skill level 14 in Dodging
 31872 | Swamp:3  | Reached skill level 14 in Armour
 32370 | Swamp:4  | Entered Level 4 of the Swamp
 32595 | Swamp:4  | Reached skill level 15 in Armour
 32605 | Swamp:4  | Found a large runed translucent door.
 32605 | Swamp:4  | Found a large runed translucent door.
 32616 | Swamp:4  | Noticed JaaP's ghost (journeyman MiFi)
 32619 | Swamp:4  | Reached XP level 19. HP: 113/185 MP: 19/19
 33018 | Swamp:4  | Noticed Louise
 33027 | Swamp:4  | Killed Louise
 33056 | Swamp:4  | Got a decaying rune of Zot
 33073 | Swamp:4  | You pick up a book of Winter {forbidden} and begin
                  | reading...
 33073 | Swamp:4  | You add the spells Ozocubu's Armour and Simulacrum to your
                  | library.
 33134 | Swamp:4  | You pick up a book of Misfortune {forbidden} and begin
                  | reading...
 33494 | WizLab   | Identified the "Qarhythriw"
 33494 | Depths:3 | Identified the of Jearphub
 33494 | Elf:1    | Identified the "Ideps"
 33494 | Elf:1    | Entered Level 1 of the Elven Halls
 33502 | Elf:1    | Reached skill level 16 in Armour
 33551 | Elf:1    | Received a gift from Trog
 33614 | Elf:1    | Found Ijitt's Armour Shoppe.
 33614 | Elf:1    | Identified +0 gold dragon scales
 33615 | Elf:1    | Identified +0 pearl dragon scales
 33668 | Elf:1    | Found a runed translucent door.
 33674 | Elf:1    | Noticed zurenarrh's ghost (adept FoEE)
 34475 | Elf:2    | Found Lapiuq's Antique Armour Shoppe.
 34585 | Elf:2    | Paralysed by an air elemental for 1 turns
 34663 | Elf:2    | Noticed Zenata
 34667 | Elf:2    | Zenata changed into Zenata the quicksilver ooze
 34667 | Elf:2    | Noticed Zenata
 34670 | Elf:2    | Killed Zenata the quicksilver ooze
 34673 | Elf:2    | Received a gift from Trog
 34737 | Elf:2    | Noticed Dirtsage's ghost (adept DsFi)
 34777 | Elf:2    | Paralysed by an air elemental for 1 turns
 34803 | Elf:2    | Found a transporter.
 34807 | Elf:2    | Found a transporter.
 34868 | Elf:2    | Found a runed translucent gate.
 34869 | Elf:2    | Found a runed translucent gate.
 34869 | Elf:2    | Found a runed translucent gate.
 34873 | Elf:2    | Reached skill level 21 in Axes
 35144 | D:13     | Bought a scroll of acquirement for 1716 gold pieces
 35145 | D:13     | Acquired 833 gold pieces
 35305 | Orc:1    | Bought 2 scrolls of enchant armour for 210 gold pieces
 35428 | Elf:3    | Identified the "Ywepleuq"
 35428 | Elf:3    | Identified the "Mouhaur"
 35428 | Elf:3    | Identified the "Areed"
 35428 | Elf:3    | Identified the of Odaett Vobla
 35428 | Elf:3    | Entered Level 3 of the Elven Halls
 35476 | Elf:3    | Identified the +9 rapier "Adiwk" {venom, rC+}
 35580 | Elf:3    | Reached skill level 21 in Fighting
 35838 | Elf:3    | Found a portal to a secret trove of treasure.
 36154 | Elf:3    | Received a gift from Trog
 36242 | Elf:3    | Reached XP level 20. HP: 177/198 MP: 20/20
 36259 | Elf:3    | Reached skill level 22 in Axes
 36669 | Elf:3    | You pick up a book of Chaos {forbidden} and begin
                  | reading...
 36669 | Elf:3    | You add the spells Conjure Ball Lightning, Disjunction and
                  | Discord to your library.
 36708 | Elf:3    | Reached skill level 22 in Fighting
 36826 | Elf:3    | Identified the +5 mace of Big Damage {spect, rF+ Stlth+}
 36826 | Elf:3    | Identified the ring "Pipn" {Contam rCorr EV+5 Dex+5}
 36858 | Elf:3    | Identified the +4 long sword "Osuaq" {drain, *Rage rF+ rN++
                  | Dex+3}
 36898 | Elf:3    | You pick up a book of Blasting {forbidden} and begin
                  | reading...
 36898 | Elf:3    | You add the spells Volatile Blastmotes, Fulminant Prism and
                  | Iskenderun's Mystic Blast to your library.
 36900 | Elf:3    | You pick up a book of the Senses {forbidden} and begin
                  | reading...
 36902 | Elf:3    | You add the spells Foxfire, Scorch and Starburst to your
                  | library.
 36910 | Elf:3    | Identified the +0 hand axe "Agibb" {venom, Int+4 Dex+4}
 36936 | Elf:3    | Found the +3 greatsling "Punk" {acid, rCorr}
 36942 | Elf:3    | You add the spells Ensorcelled Hibernation and Cause Fear
                  | to your library.
 36949 | Elf:3    | You pick up a book of Lightning {forbidden} and begin
                  | reading...
 36960 | Elf:3    | Identified the +2 scale mail "Nyehaguz" {*Corrode rPois
                  | Dex+3 Slay+4}
 36968 | Elf:3    | You pick up a book of Misfortune {forbidden} and begin
                  | reading...
 36973 | Elf:3    | Identified the +0 plate armour of Komyrphipti {rElec rPois
                  | rN+ Will+}
 36994 | Elf:3    | You add the spells Mephitic Cloud and Ignite Poison to your
                  | library.
 37105 | Trove    | Entered a treasure trove
 37401 | Temple   | Entered the Ecumenical Temple
 37679 | Vaults:1 | Entered Level 1 of the Vaults
 37792 | Vaults:1 | Found a flickering gateway to a bazaar.
 37797 | Bazaar   | Entered a bazaar
 37797 | Bazaar   | Found Juudghaji's Armour Shoppe.
 37797 | Bazaar   | Found Dojunt's Weapon Emporium.
 37798 | Bazaar   | Found Kota's Book Shoppe.
 37798 | Bazaar   | Found Yquor's Assorted Antiques.
 37823 | Bazaar   | Bought a masterwork chain mail for 209 gold pieces
 37823 | Bazaar   | Identified the +9 chain mail of the Slightly Bent {rPois
                  | rF- Dex+2 Slay+4} (You bought it in a shop in a bazaar)
 37824 | Bazaar   | Bought a scroll of enchant weapon for 165 gold pieces
 37824 | Bazaar   | Bought a potion of haste for 220 gold pieces
 37824 | Bazaar   | Bought a scroll of teleportation for 66 gold pieces
 38622 | Vaults:1 | Reached skill level 11 in Evocations
 38743 | Vaults:1 | Reached skill level 12 in Evocations
 38822 | Vaults:1 | Reached skill level 13 in Evocations
 38984 | Vaults:1 | magus.rc [v1.9.6]
 38984 | Vaults:1 | magus.rc [v1.9.6]
 39244 | D:3      | Fell from the grace of Trog
 39244 | D:3      | Became a worshipper of Fedhas Madash
 39530 | Vaults:1 | Learned a level 2 spell: Wereblood
 39623 | Vaults:2 | Found a staircase to the Crypt.
 39680 | Vaults:2 | You pick up a book of Chaos and begin reading...
 39872 | Vaults:2 | Reached skill level 14 in Evocations
 39993 | Vaults:2 | Reached * piety under Fedhas
 40085 | Vaults:2 | Reached skill level 15 in Evocations
 40253 | Vaults:2 | Reached XP level 21. HP: 209/209 MP: 21/21
 40539 | Vaults:2 | You pick up a book of Dangerous Friends and begin
                  | reading...
 40539 | Vaults:2 | You add the spells Orb of Destruction and Spellforged
                  | Servitor to your library.
 40565 | Vaults:2 | Reached ** piety under Fedhas
 40712 | Vaults:2 | Reached skill level 16 in Evocations
 41385 | Vaults:3 | Reached skill level 1 in Invocations
 41404 | Vaults:3 | Reached skill level 2 in Invocations
 41508 | Vaults:3 | Reached skill level 3 in Invocations
 41672 | Vaults:3 | Reached skill level 4 in Invocations
 41686 | Vaults:3 | Reached skill level 5 in Invocations
 41697 | Vaults:3 | Reached skill level 6 in Invocations
 41738 | Vaults:3 | HP: 44/209 [stone giant[the rage of Trog] (40)]
 42005 | Vaults:3 | Found Jeubre's Armour Shoppe.
 42121 | Vaults:4 | Reached *** piety under Fedhas
 42151 | Vaults:4 | Reached skill level 7 in Invocations
 42219 | Vaults:4 | Reached skill level 8 in Invocations
 42319 | Vaults:4 | Reached skill level 9 in Invocations
 42398 | Vaults:4 | Reached **** piety under Fedhas
 42462 | Vaults:4 | Reached skill level 10 in Invocations
 42826 | Vaults:4 | Reached skill level 11 in Invocations
 43133 | Vaults:4 | Reached skill level 12 in Invocations
 43338 | Vaults:4 | Reached ***** piety under Fedhas
 43890 | Elf:2    | Reached skill level 13 in Invocations
 44000 | Elf:2    | Killed Dirtsage's ghost
 44119 | Elf:2    | Identified the ring of Dauskat {rC+ Will+ Str-3 Dex+3}
 44577 | Depths:1 | Entered Level 1 of the Depths
 44736 | Depths:1 | Reached skill level 14 in Invocations
 45082 | Depths:1 | Reached XP level 22. HP: 113/217 MP: 33/33
 45239 | Depths:1 | Reached skill level 15 in Invocations
 45308 | Depths:1 | Found a gateway to Hell.
 45732 | Depths:2 | Reached skill level 16 in Invocations
 45734 | Depths:2 | Reached skill level 23 in Axes
 45909 | Depths:2 | Found a runed translucent gate.
 45910 | Depths:2 | Found a runed translucent gate.
 45911 | Depths:2 | Found a runed translucent gate.
 45911 | Depths:2 | Noticed Gaexku's ghost (veteran DrSh)
 45962 | Depths:2 | Reached skill level 23 in Fighting
 45995 | Depths:2 | Found a magical portal.
 46004 | WizLab   | Entered Cigotuvi's Fleshworks
 46025 | WizLab   | Paralysed by Trog for 6 turns
 46322 | WizLab   | Gained mutation: You passively map a small area around you.
                  | [a shining eye]
 46472 | WizLab   | Identified the ring of Ignis's Benevolence {Will+ Str+2}
 46538 | WizLab   | Reached skill level 24 in Axes
 46953 | Depths:2 | You pick up a book of Callings and begin reading...
 46989 | Depths:2 | You pick up a book of the Hunter and begin reading...
 46989 | Depths:2 | You add the spells Sigil of Binding and Dimensional
                  | Bullseye to your library.
 47239 | Depths:2 | Found a one-way gate leading to the halls of Pandemonium.
 47268 | Depths:2 | Found a stormy altar of Qazlal.
 47357 | Depths:2 | Reached skill level 24 in Fighting
 47443 | Depths:2 | Found a one-way gateway to a ziggurat.
 47451 | Depths:2 | You pick up a book of Blood and begin reading...
 47451 | Depths:2 | You add the spells Sublimation of Blood and Summon Hydra to
                  | your library.
 47451 | Depths:2 | You pick up a book of Conjurations {@e2} and begin
                  | reading...
 47451 | Depths:2 | You add the spells Magic Dart and Searing Ray to your
                  | library.
 47512 | Depths:2 | Reached XP level 23. HP: 177/229 MP: 35/35
 47671 | Depths:2 | Reached ****** piety under Fedhas
 47784 | Depths:2 | Noticed a juggernaut
 47792 | Depths:2 | Killed a juggernaut
 47793 | Depths:2 | Reached skill level 25 in Axes
 48258 | Depths:2 | magus.rc [v1.9.6]
 48258 | Depths:2 | magus.rc [v1.9.6]
 48755 | Depths:3 | Paralysed by Trog for 2 turns
 48975 | Depths:3 | Was forgiven by Trog
 49052 | Depths:2 | Reached skill level 25 in Fighting
 49138 | Depths:3 | Reached skill level 1 in Shields
 49298 | Depths:3 | Reached skill level 2 in Shields
 49393 | Depths:3 | Reached skill level 3 in Shields
 49485 | Depths:3 | Reached skill level 4 in Shields
 49555 | Depths:3 | Found a one-way gate to the infinite horrors of the Abyss.
 49782 | Depths:4 | Entered Level 4 of the Depths
 49798 | Depths:3 | Reached skill level 5 in Shields
 50096 | Depths:4 | Reached skill level 6 in Shields
 50271 | Depths:4 | Reached skill level 7 in Shields
 50272 | Depths:4 | +0 storm dragon scales {rare}; a storm dragon corpse
 50275 | Depths:4 | a - +0 storm dragon scales {rare}
 50298 | Depths:3 | You finish putting on your +0 storm dragon scales {rare}.
 50298 | Depths:3 | your +0 storm dragon scales {rare} glow green for a moment.
 50299 | Depths:3 | your +1 storm dragon scales {rare} glow green for a moment.
 50300 | Depths:3 | your +2 storm dragon scales {rare} glow green for a moment.
 50301 | Depths:3 | your +3 storm dragon scales {rare} glow green for a moment.
 50302 | Depths:3 | your +4 storm dragon scales {rare} glow green for a moment.
 50303 | Depths:3 | your +5 storm dragon scales {rare} glow green for a moment.
 50304 | Depths:3 | your +6 storm dragon scales {rare} glow green for a moment.
 51373 | Depths:4 | Reached skill level 8 in Shields
 51845 | Depths:4 | Found a gate to the Realm of Zot.
 52098 | Vaults:2 | Identified the +1 leather armour of the New World {*Corrode
                  | Will+ Str+3 Stlth+}
 52269 | Vaults:5 | Entered Level 5 of the Vaults
 52272 | Vaults:5 | Reached skill level 9 in Shields
 52352 | Vaults:5 | Lost mutation: You passively map a small area around you.
                  | [potion of mutation]
 52352 | Vaults:5 | Gained mutation: You are somewhat resistant to further
                  | mutation. [potion of mutation]
 52353 | Vaults:5 | Lost mutation: You are somewhat resistant to further
                  | mutation. [potion of mutation]
 52353 | Vaults:5 | Gained mutation: You passively dampen the noise of your
                  | surroundings. [potion of mutation]
 52353 | Vaults:5 | Gained mutation: Potions are less effective at restoring
                  | your health. [potion of mutation]
 52353 | Vaults:5 | Gained mutation: You sometimes lose your temper in combat.
                  | [potion of mutation]
 52354 | Vaults:5 | Lost mutation: You sometimes lose your temper in combat.
                  | [potion of mutation]
 52354 | Vaults:5 | Lost mutation: You passively dampen the noise of your
                  | surroundings. [potion of mutation]
 52354 | Vaults:5 | Lost mutation: Potions are less effective at restoring your
                  | health. [potion of mutation]
 52354 | Vaults:5 | Gained mutation: You have an increased reservoir of magic.
                  | (+10% MP) [potion of mutation]
 52354 | Vaults:5 | Gained mutation: You are frail. (-10% HP) [potion of
                  | mutation]
 52355 | Vaults:5 | Lost mutation: You are frail. (-10% HP) [potion of
                  | mutation]
 52355 | Vaults:5 | Lost mutation: You have an increased reservoir of magic.
                  | (+10% MP) [potion of mutation]
 52355 | Vaults:5 | Gained mutation: Your spells are a little harder to cast,
                  | but a little more powerful. [potion of mutation]
 52356 | Vaults:5 | Lost mutation: Your spells are a little harder to cast, but
                  | a little more powerful. [potion of mutation]
 52356 | Vaults:5 | Gained mutation: Your system is resistant to poisons.
                  | (rPois) [potion of mutation]
 52356 | Vaults:5 | Gained mutation: You do not regenerate when monsters are
                  | visible. [potion of mutation]
 52356 | Vaults:5 | Gained mutation: You are covered in fur. (AC +1) [potion of
                  | mutation]
 52356 | Vaults:5 | Gained mutation: You have sharp toenails. [potion of
                  | mutation]
 52357 | Vaults:5 | Lost mutation: You are covered in fur. (AC +1) [potion of
                  | mutation]
 52357 | Vaults:5 | Lost mutation: You do not regenerate when monsters are
                  | visible. [potion of mutation]
 52357 | Vaults:5 | Gained mutation: You sometimes lose your temper in combat.
                  | [potion of mutation]
 52357 | Vaults:5 | Lost mutation: You have sharp toenails. [potion of
                  | mutation]
 52357 | Vaults:5 | Gained mutation: You are robust. (+10% HP) [potion of
                  | mutation]
 52358 | Vaults:5 | Lost mutation: You are robust. (+10% HP) [potion of
                  | mutation]
 52358 | Vaults:5 | Lost mutation: Your system is resistant to poisons. (rPois)
                  | [potion of mutation]
 52358 | Vaults:5 | Gained mutation: You are weak. (Str -2) [potion of
                  | mutation]
 52358 | Vaults:5 | Gained mutation: You occasionally lose the ability to read
                  | scrolls when taking damage. [potion of mutation]
 52359 | Vaults:5 | Lost mutation: You sometimes lose your temper in combat.
                  | [potion of mutation]
 52359 | Vaults:5 | Lost mutation: You occasionally lose the ability to read
                  | scrolls when taking damage. [potion of mutation]
 52359 | Vaults:5 | Lost mutation: You are weak. (Str -2) [potion of mutation]
 52359 | Vaults:5 | Gained mutation: Your body sometimes deteriorates upon
                  | taking damage. [potion of mutation]
 52360 | Vaults:5 | Lost mutation: Your body sometimes deteriorates upon taking
                  | damage. [potion of mutation]
 52360 | Vaults:5 | Gained mutation: Armour fits poorly on your strangely
                  | shaped body. [potion of mutation]
 52360 | Vaults:5 | Gained mutation: You are robust. (+10% HP) [potion of
                  | mutation]
 52361 | Vaults:5 | Lost mutation: Armour fits poorly on your strangely shaped
                  | body. [potion of mutation]
 52361 | Vaults:5 | Lost mutation: You are robust. (+10% HP) [potion of
                  | mutation]
 52361 | Vaults:5 | Gained mutation: Your flesh is heat resistant. (rF+)
                  | [potion of mutation]
 52361 | Vaults:5 | Gained mutation: Your flesh is cold resistant. (rC+)
                  | [potion of mutation]
 52361 | Vaults:5 | Gained mutation: You have sharp toenails. [potion of
                  | mutation]
 52486 | Vaults:5 | Reached skill level 10 in Shields
 52547 | Vaults:5 | Identified the staff of the Witching Gods {rC+ Dex+2 Ice}
 52592 | Vaults:5 | Reached skill level 11 in Shields
 52676 | Vaults:5 | Noticed a golden dragon
 52687 | Vaults:5 | Killed a golden dragon
 52687 | Vaults:5 | Identified +0 gold dragon scales
 52689 | Vaults:5 | +0 gold dragon scales {rare}; a golden dragon corpse
 52689 | Vaults:5 | G - +0 gold dragon scales {rare}
 52694 | Vaults:5 | You drop +0 gold dragon scales {rare}.
 52768 | Vaults:5 | Reached skill level 12 in Shields
 52782 | Vaults:5 | Reached XP level 24. HP: 242/242 MP: 35/35
 52863 | Vaults:5 | Got a silver rune of Zot
 52877 | Vaults:5 | Identified the +5 mace of the Volcano {venom, +Blink Str+7
                  | Int-2 Stlth+}
 52921 | Vaults:5 | Noticed a dread lich
 52928 | Vaults:5 | Killed a dread lich
 52964 | Vaults:5 | Reached skill level 13 in Shields
 53065 | Vaults:5 | +0 shadow dragon scales {rare}; a shadow dragon corpse
 53095 | Vaults:5 | Noticed Mennas
 53097 | Vaults:5 | Reached skill level 14 in Shields
 53109 | Vaults:5 | Killed Mennas
 53283 | Vaults:5 | Identified the +5 chain mail of Nizipt {rElec rPois}
 53297 | Vaults:5 | Reached skill level 15 in Shields
 53321 | Vaults:5 | Identified the +0 ice dragon scales "Wade" {-Cast +Blink
                  | rF- rC++ Regen+ Stlth+}
 53482 | Vaults:5 | Found Ozaim's Antique Weapon Shoppe.
 53531 | Vaults:5 | You pick up a book of Dreams and begin reading...
 53531 | Vaults:5 | You add the spells Jinxbite and Anguish to your library.
 53587 | Vaults:5 | Reached skill level 16 in Shields
 53762 | Vaults:5 | You pick up a book of Iron and begin reading...
 53795 | Vaults:5 | You pick up a book of Geomancy and begin reading...
 53936 | Vaults:5 | Noticed an ancient lich
 53949 | Vaults:5 | Killed an ancient lich
 53989 | Vaults:5 | +0 shadow dragon scales {rare}; a shadow dragon corpse
 53995 | Vaults:5 | You pick up a book of Fire and begin reading...
 54001 | Vaults:5 | your +7 storm dragon scales {rare} glow green for a moment.
 54003 | Vaults:5 | You add the spells Malign Gateway and Summon Horrible
                  | Things to your library.
 54015 | Vaults:5 | Identified the +0 scale mail of Igounes {Dex+2}
 54225 | D:13     | Bought a scroll of enchant weapon for 247 gold pieces
 54232 | D:13     | Z - +8 storm dragon scales (worn) {rare}
 54474 | Zot:1    | Entered Level 1 of the Realm of Zot
 54528 | Zot:1    | Found Gifyc's CLEARANCE SALE!.
 54639 | Zot:2    | Noticed an electric golem
 54833 | Zot:1    | Killed an electric golem
 54917 | Zot:2    | Reached skill level 17 in Shields
 55014 | Zot:4    | Identified the "Joluru"
 55030 | Zot:4    | +0 shadow dragon scales {rare}; a shadow dragon corpse
 55037 | Zot:4    | +0 shadow dragon scales {rare}; a shadow dragon corpse
 55076 | Zot:4    | Noticed a curse toe
 55204 | Zot:3    | Killed a curse toe
 55244 | Zot:4    | Reached XP level 25. HP: 249/249 MP: 35/35
 55312 | Zot:4    | Reached skill level 17 in Armour
 55362 | Zot:5    | Entered Level 5 of the Realm of Zot
 55779 | Zot:5    | Reached skill level 18 in Shields
 55869 | Zot:5    | magus.rc [v1.9.6]
 56036 | Zot:5    | Noticed an ancient lich
 56052 | Zot:5    | Killed an ancient lich
 56083 | Zot:5    | Noticed a dread lich
 56096 | Zot:5    | Killed a dread lich
 56107 | Zot:5    | Noticed an orb of fire
 56110 | Zot:5    | Noticed an orb of fire
 56113 | Zot:5    | Gained mutation: Armour fits poorly on your strangely
                  | shaped body. [an orb of fire]
 56116 | Zot:5    | Noticed a dread lich
 56119 | Zot:5    | Killed an orb of fire
 56121 | Zot:5    | Gained mutation: Your body sometimes deteriorates upon
                  | taking damage. [an orb of fire]
 56121 | Zot:5    | Noticed a Killer Klown
 56296 | Zot:5    | Noticed a dread lich
 56307 | Zot:5    | Killed a dread lich
 56308 | Zot:5    | Reached skill level 17 in Invocations
 56563 | Zot:5    | Gained mutation: You are clumsy. (Dex -2) [an orb of fire]
 56568 | Zot:5    | Killed an orb of fire
 56685 | Zot:5    | Killed a dread lich
 56686 | Zot:5    | Reached skill level 19 in Shields
 56742 | Zot:5    | Killed a Killer Klown
 56774 | Zot:5    | Noticed an electric golem
 56812 | Zot:5    | Killed an electric golem
 56903 | Zot:5    | Noticed an electric golem
 56906 | Zot:5    | Noticed an orb of fire
 56913 | Zot:5    | Gained mutation: Your body often deteriorates upon taking
                  | damage. [an orb of fire]
 56917 | Zot:5    | Killed an electric golem
 56918 | Zot:5    | Noticed a Killer Klown
 56922 | Zot:5    | Noticed a Killer Klown
 56929 | Zot:5    | Killed a Killer Klown
 56931 | Zot:5    | Killed an orb of fire
 56932 | Zot:5    | Reached skill level 20 in Shields
 56935 | Zot:5    | Noticed an orb of fire
 56939 | Zot:5    | Killed a Killer Klown
 56950 | Zot:5    | Gained mutation: You have hidden genetic defects. [an orb
                  | of fire]
 56952 | Zot:5    | Killed an orb of fire
 56975 | Zot:5    | Noticed an orb of fire
 56987 | Zot:5    | Gained mutation: You are weak. (Str -2) [an orb of fire]
 56995 | Zot:5    | Killed an orb of fire
 57003 | Zot:5    | Got the Orb of Zot
 57161 | Depths:4 | +0 shadow dragon scales {rare}; a +0 long sword {long}
 57190 | Depths:3 | Noticed Xavuasm the pandemonium lord
 57435 | D:13     | Noticed Dydd the pandemonium lord
 57642 | D:2      | Noticed Sestrih the pandemonium lord
 57662 | D:2      | Killed Sestrih the pandemonium lord
 57668 | D:2      | Reached XP level 26. HP: 170/258 MP: 35/35
 57674 | D:2      | Reached skill level 21 in Shields
 57744 | D:$      | Escaped with the Orb!

Vanquished Creatures
  A pandemonium lord (D:2)
  4 dread liches
  Mennas (Vaults:5)
  2 ancient liches
  4 orbs of fire (Zot:5)
  A juggernaut (Depths:2)
  3 Killer Klowns (Zot:5)
  A golden dragon (Vaults:5)
  A mutant beast (WizLab)
  3 electric golems
  6 tentacled monstrosities
  A walking divine tome (Depths:2)
  5 liches
  24 Orb Guardians
  4 deep elf blademasters (Elf:3)
  4 titans
  3 quicksilver dragons
  The ghost of Dirtsage the Pandemonic, an adept DsFi of Makhleb (Elf:2)
  2 sphinxes (Vaults:5)
  3 deep elf master archers (Elf:3)
  Gastronok (D:11)
  3 death cobs (Zot:4)
  Kirke (Swamp:1)
  A thorn hunter (Swamp:4)
  Aizul (Snake:2)
  10 tengu reavers
  8 shadow dragons
  9 storm dragons
  3 nagarajas (Snake:4)
  A draconian knight (Zot:3)
  A fenstrider witch (Swamp:2)
  7 draconian monks
  9 fire giants
  5 deep elf sorcerers
  An iron dragon (Vaults:5)
  6 frost giants
  2 ghost moths (Zot:3)
  Louise (Swamp:4)
  3 balrugs
  11 vault wardens
  The ghost of littlecub the Fighter, a journeyman DsGl of Hepliaklqana (Snake:4)
  5 deep elf elementalists (Elf:3)
  4 draconian shifters
  A draconian stormcaller (Zot:5)
  2 draconian annihilators
  3 spriggan defenders
  41 stone giants
  4 orc warlords
  A formless jellyfish (Vaults:1)
  3 war gargoyles
  A quicksilver ooze (Elf:2)
  25 very ugly things
  19 ironbound preservers
  2 vampire knights
  5 eleionomae
  5 green draconians
  2 deep elf demonologists
  10 black draconians
  10 ironbound thunderhulks
  8 spark wasps (Depths:2)
  A minotaur (Gauntlet)
  5 purple draconians
  Nessos (Orc:1)
  5 bunyips
  7 dire elephants
  4 white draconians
  5 deep elf annihilators
  Azrael (Snake:3)
  8 red draconians
  2 yellow draconians
  Snorg (Lair:5)
  A blizzard demon (Gauntlet)
  5 deep elf death magi
  3 jiangshi (Depths:2)
  16 ettins
  2 eidola (Vaults:2)
  A crystal guardian (Vaults:3)
  8 yaktaur captains
  An entropy weaver (shapeshifter) (WizLab)
  3 deep elf high priests
  3 fire dragons (Depths:2)
  Fannar (Lair:3)
  A shambling mangrove (Swamp:3)
  5 ice dragons
  3 spriggan air magi
  3 ghost crabs
  12 hydras
  30 vault guards
  3 salamander tyrants
  2 peacekeepers
  7 rakshasas
  An ogre mage (Vaults:5)
  11 centaur warriors
  10 anacondas
  A catoblepas (Lair:3)
  5 great orbs of eyes
  An alligator (shapeshifter) (Depths:2)
  11 alligators
  7 ironbound frosthearts
  15 dancing weapons
  3 boulder beetles
  9 two-headed ogres
  5 death yaks (Lair:4)
  9 tengu warriors
  2 vampire magi
  16 naga warriors
  An occultist (Depths:1)
  7 spriggan berserkers
  2 orc high priests
  4 deep troll earth magi (Depths:2)
  10 naga sharpshooters
  4 deep troll shamans (Depths:2)
  A soul eater (Vaults:2)
  17 hell knights
  5 shock serpents
  10 deep elf knights
  A shadow wraith (Vaults:5)
  8 salamander mystics
  2 fire crabs (shapeshifter) (WizLab)
  4 iron trolls
  A sixfirhy (D:2)
  9 naga ritualists
  3 sea snakes (Snake:2)
  10 skeletal warriors
  61 deep trolls
  2 spriggan druids (Swamp:4)
  2 swamp dragons (shapeshifter) (WizLab)
  7 goliath frogs
  6 swamp dragons
  12 deep elf archers
  3 glowing orange brains
  14 orc knights
  A flayed ghost (Depths:2)
  3 bog bodies
  3 arcanists
  4 phantasmal warriors
  33 deep elf pyromancers
  8 necromancers
  12 lindwurms
  23 deep elf zephyrmancers
  A lindwurm (shapeshifter) (WizLab)
  A tengu zombie (Vaults:2)
  6 orc sorcerers
  4 harpies (Vaults:2)
  6 mana vipers
  30 ugly things
  7 large abominations (WizLab)
  13 ironbound convokers
  2 harpies (shapeshifter) (WizLab)
  An oklob plant (Lair:5)
  A salamander (shapeshifter) (WizLab)
  4 will-o-the-wisps
  7 manticores
  26 salamanders
  13 cyclopes
  20 elephants (Lair:4)
  A black mamba (shapeshifter) (WizLab)
  11 guardian serpents
  8 moths of wrath
  2 cane toads (shapeshifter)
  15 vault sentinels
  A gargoyle (D:12)
  8 naga magi
  32 black mambas
  A guardian serpent (shapeshifter) (Vaults:5)
  An unseen horror (D:11)
  Jeremiah (D:6)
  7 cane toads
  A minotaur zombie (Gauntlet)
  6 rime drakes
  2 torpor snails
  2 unseen horrors (shapeshifter) (WizLab)
  A hellion (Depths:2)
  A komodo dragon (shapeshifter) (WizLab)
  Psyche (D:10)
  A kobold demonologist (D:12)
  2 rime drakes (shapeshifter)
  An efreet (D:14)
  6 komodo dragons
  13 yaktaurs
  3 tengu conjurers
  A queen bee (shapeshifter) (WizLab)
  8 tyrant leeches
  2 bloated husks
  19 polar bears
  12 trolls
  3 hornets (shapeshifter) (WizLab)
  Grinder (D:3)
  2 trolls (shapeshifter)
  2 wind drakes (shapeshifter) (WizLab)
  16 hornets
  5 glass eyes
  A glass eye (shapeshifter) (Vaults:5)
  2 raiju (shapeshifter) (WizLab)
  20 blink frogs
  25 dream sheep
  A blink frog (shapeshifter) (WizLab)
  Sigmund (D:3)
  28 slime creatures
  A spriggan (shapeshifter) (WizLab)
  A jumping spider (shapeshifter) (WizLab)
  6 air elementals
  3 shadows (D:10)
  5 water elementals
  3 hogs (Swamp:1)
  24 spriggans
  3 wraiths
  3 vampires
  A culicivora (shapeshifter) (D:15)
  6 wyverns
  40 yaks
  A basilisk (shapeshifter) (WizLab)
  A chaos spawn (Depths:1)
  8 fire elementals
  A hog (shapeshifter) (Elf:2)
  A redback (shapeshifter) (Depths:1)
  3 basilisks
  2 steam dragons
  8 wargs
  An iron golem (WizLab)
  9 vampire mosquitoes
  3 acid dragons
  39 nagas
  6 water moccasins
  18 swamp worms
  42 orc warriors
  3 hell hounds (D:15)
  4 swamp drakes
  A black bear (shapeshifter) (WizLab)
  The ghost of KineticRobot the Chopper, an amateur HOMo (D:3)
  An ettin simulacrum (Vaults:2)
  A swamp drake (shapeshifter) (WizLab)
  15 black bears
  4 boggarts (Lair:5)
  An ice beast (D:7)
  A human zombie (Vaults:2)
  26 ogres
  9 centaurs
  40 wolves
  5 kobold brigands
  11 bullfrogs
  3 earth elementals (Elf:2)
  Blork the orc (Orc:2)
  3 gnoll sergeants
  2 scorpions
  17 wights
  6 small abominations (WizLab)
  22 killer bees
  3 jellies
  A howler monkey (D:12)
  4 electric eels
  2 lava snakes (Snake:3)
  8 hounds
  A gnoll bouda (D:5)
  21 orc priests
  A sleepcap (D:4)
  2 iguanas
  Ijyb (D:3)
  25 orc wizards
  21 gnolls
  6 adders
  A shadow imp (Gauntlet)
  3 white imps
  3 worms
  3 dart slugs
  74 orcs
  6 endoplasms
  5 giant cockroaches
  8 goblins
  5 hobgoblins
  5 jackals (D:2)
  3 quokkas
  6 ball pythons
  5 frilled lizards
  12 kobolds
  6 rats
  A spectral weapon (Swamp:4)
1936 creatures vanquished.

Vanquished Creatures (collateral kills)
  An orb of fire (Zot:5)
  Nikola (Swamp:1)
  A curse toe (Zot:3)
  Jorgrun (Orc:2)
  A Hell Sentinel (D:2)
  Rupert (Lair:4)
  A deep elf master archer (Elf:3)
  Frances (Swamp:1)
  2 deep elf sorcerers
  A draconian knight (Zot:4)
  A frost giant (Vaults:5)
  A fire giant (Depths:2)
  A very ugly thing (Depths:2)
  2 stone giants (Vaults:5)
  A green draconian (Zot:3)
  2 hydras (Swamp:4)
  An anaconda (Snake:4)
  A deep troll earth mage (Depths:2)
  A hell knight (Vaults:5)
  A spriggan druid (Swamp:4)
  A lindwurm (shapeshifter) (Depths:2)
  A naga ritualist (Snake:4)
  2 deep elf pyromancers
  A moth of wrath (Zot:4)
  2 elephants (Lair:4)
  A vault sentinel (Vaults:5)
  A rime drake (Swamp:4)
  An ice devil (D:2)
  3 hornets
  2 hogs (Swamp:1)
  2 spriggans
  2 nagas (Snake:4)
  A redback (shapeshifter) (Vaults:5)
  An orc warrior (Orc:2)
  A swamp drake (Swamp:4)
  A killer bee (D:7)
  An orc priest (Orc:2)
  An orc (Orc:2)
  91 ballistomycete spores
139 creatures vanquished.

Vanquished Creatures (others)
  2 hydras
  2 spriggans (Swamp:1)
  A swamp dragon (Swamp:4)
  A moth of wrath (Zot:3)
  2 bloated husks
  2 hornets (Swamp:1)
  A human (Swamp:1)
  A naga (Snake:4)
  2 killer bees (D:7)
  11 ballistomycete spores
  8 foxfires
  66 spectral weapons
99 creatures vanquished.

Grand Total: 2174 creatures vanquished

Table legend:
 A = Non-vault XP
 B = Vault XP
 C = Vault XP percentage of total XP
 D = Non-vault monster count
 E = Vault monster count
 F = Vault count percentage of total count
                 A         B        C        D         E       F
            +---------+---------+-------+---------+---------+-------
      Total |  562911 |  527253 |  48.4 |    1215 |     683 |  36.0
            +---------+---------+-------+---------+---------+-------
        D:1 |      21 |       0 |   0.0 |      13 |       0 |   0.0
        D:2 |     121 |       0 |   0.0 |      27 |       0 |   0.0
        D:3 |     160 |     702 |  81.4 |      21 |      11 |  34.4
        D:4 |     273 |     248 |  47.6 |      24 |       6 |  20.0
        D:5 |     694 |     105 |  13.1 |      23 |       5 |  17.9
        D:6 |     581 |     400 |  40.8 |      14 |       1 |   6.7
        D:7 |    2536 |       0 |   0.0 |      33 |       0 |   0.0
        D:8 |    2599 |       0 |   0.0 |      21 |       0 |   0.0
        D:9 |    2587 |       0 |   0.0 |      16 |       0 |   0.0
       D:10 |    1996 |    1545 |  43.6 |      18 |      19 |  51.4
       D:11 |    5414 |    1523 |  22.0 |      25 |       1 |   3.8
       D:12 |    9743 |       0 |   0.0 |      24 |       0 |   0.0
       D:13 |    4306 |       0 |   0.0 |      13 |       0 |   0.0
       D:14 |   12518 |    2047 |  14.1 |      23 |       3 |  11.5
       D:15 |    8028 |    5479 |  40.6 |      21 |       8 |  27.6
     Lair:1 |    9129 |     651 |   6.7 |      39 |       4 |   9.3
     Lair:2 |    2302 |    1050 |  31.3 |      12 |       5 |  29.4
     Lair:3 |    7419 |    2687 |  26.6 |      27 |      11 |  28.9
     Lair:4 |   15027 |    8476 |  36.1 |      42 |      16 |  27.6
     Lair:5 |    6569 |   11536 |  63.7 |      25 |      54 |  68.4
    Swamp:1 |   10708 |    6255 |  36.9 |      23 |       8 |  25.8
    Swamp:2 |   12922 |       0 |   0.0 |      24 |       0 |   0.0
    Swamp:3 |   15817 |       0 |   0.0 |      28 |       0 |   0.0
    Swamp:4 |   10143 |   14435 |  58.7 |      17 |      22 |  56.4
    Snake:1 |   11538 |    2869 |  19.9 |      23 |       4 |  14.8
    Snake:2 |   10533 |    1398 |  11.7 |      21 |       1 |   4.5
    Snake:3 |   13239 |    1731 |  11.6 |      25 |       5 |  16.7
    Snake:4 |   33485 |   30203 |  47.4 |      68 |      51 |  42.9
      Orc:1 |    6945 |    2273 |  24.7 |      50 |       3 |   5.7
      Orc:2 |    4228 |    8845 |  67.7 |      38 |      37 |  49.3
      Elf:1 |    6518 |   10040 |  60.6 |      11 |      15 |  57.7
      Elf:2 |   14681 |   11793 |  44.5 |      28 |      17 |  37.8
      Elf:3 |   24853 |   33760 |  57.6 |      41 |      28 |  40.6
   Vaults:1 |   20778 |   24690 |  54.3 |      30 |      31 |  50.8
   Vaults:2 |   15130 |   13835 |  47.8 |      25 |      19 |  43.2
   Vaults:3 |    8472 |   15478 |  64.6 |      12 |      17 |  58.6
   Vaults:4 |   29495 |   18058 |  38.0 |      44 |      23 |  34.3
   Vaults:5 |   24455 |  106999 |  81.4 |      39 |      90 |  69.8
   Depths:1 |   25394 |    2362 |   8.5 |      29 |       2 |   6.5
   Depths:2 |   46109 |   44605 |  49.2 |      56 |      46 |  45.1
   Depths:3 |   37908 |       0 |   0.0 |      43 |       0 |   0.0
   Depths:4 |   11349 |   18643 |  62.2 |      13 |      17 |  56.7
      Zot:1 |    7166 |     969 |  11.9 |       6 |       1 |  14.3
      Zot:2 |    4344 |     512 |  10.5 |       5 |       1 |  16.7
      Zot:3 |   16262 |       0 |   0.0 |      14 |       0 |   0.0
      Zot:4 |   18674 |       0 |   0.0 |      16 |       0 |   0.0
      Zot:5 |   29742 |   91348 |  75.4 |      25 |      35 |  58.3
     WizLab |       0 |   25562 | 100.0 |       0 |      58 | 100.0
   Gauntlet |       0 |    4141 | 100.0 |       0 |       8 | 100.0
            +---------+---------+-------+---------+---------+-------

Skill      XL: |  1  2  3  4  5  6  7  8  9 10 11 12 13 14 15 16 17 18 19 20 21 22 23 24 25 26 |
---------------+-------------------------------------------------------------------------------+-----
Axes           | 2 3 6 7 9 11 13 17 19 20 21 22 24 25 | 25.0
Fighting       | 3 5 6 8 10 11 14 16 19 20 21 22 24 25 | 25.0
Armour         | 3 7 9 12 15 16 17 | 17.5
Dodging        | 2 5 7 11 12 14 | 14.0
Evocations     | 4 10 15 16 | 16.7
Stealth        | 10 | 10.0
Invocations    | 14 16 17 | 17.7
Shields        | 12 17 20 21 | 21.1
Short Blades   | |  2.0
Throwing       | |  1.7

Action                     |  1- 3 |  4- 6 |  7- 9 | 10-12 | 13-15 | 16-18 | 19-21 | 22-24 | 25-27 || total
---------------------------+-------+-------+-------+-------+-------+-------+-------+-------+-------++-------
  Melee: Dagger            |    30 |       |       |       |       |       |       |       |       ||    30
         Hand axe          |    92 |   119 |   450 |       |       |       |       |       |       ||   661
         Punch             |       |     2 |     9 |       |       |       |       |       |       ||    11
         Battleaxe         |       |       |    30 |   513 |   740 |   751 |   938 |   880 |       ||  3852
         Dire flail        |       |       |       |       |     6 |       |       |       |       ||     6
         Broad axe         |       |       |       |       |       |       |       |   170 |   367 ||   537
  Throw: Dart              |    23 |    15 |    68 |    14 |     4 |       |       |       |       ||   124
         Throwing net      |       |       |       |     1 |       |       |       |       |       ||     1
 Invoke: Trog's Hand       |       |     2 |     1 |       |     2 |     5 |     7 |       |       ||    17
         Berserk           |       |     2 |     6 |     5 |     4 |     2 |       |       |       ||    19
         Brothers in Arms  |       |       |       |       |     3 |     8 |     9 |       |       ||    20
         Grow Ballistomyce |       |       |       |       |       |       |     3 |    17 |     6 ||    26
         Grow Oklob        |       |       |       |       |       |       |       |    12 |     4 ||    16
         Wall of Briars    |       |       |       |       |       |       |       |     2 |       ||     2
Ability: Evoke Blink       |       |       |       |       |       |       |     9 |     6 |     1 ||    16
  Evoke: Wand              |       |     1 |     5 |     9 |     4 |     1 |    17 |       |     5 ||    42
         Lightning rod     |       |       |       |       |       |       |     4 |       |       ||     4
         Box of beasts     |       |       |       |       |       |       |       |       |     2 ||     2
         Phantom mirror    |       |       |       |       |       |       |       |       |     2 ||     2
         Phial of floods   |       |       |       |       |       |       |       |       |     1 ||     1
         Condenser vane    |       |       |       |       |       |       |       |       |     1 ||     1
    Use: Scroll            |       |       |     4 |     4 |    14 |     6 |    22 |    32 |     5 ||    87
         Potion            |       |       |       |       |       |       |     4 |    15 |    30 ||    49
   Stab: Sleeping          |     6 |       |     3 |     3 |     4 |    11 |     5 |     2 |       ||    34
         Distracted        |       |       |       |     3 |    12 |    28 |    27 |    43 |     2 ||   115
         Confused          |       |       |       |       |       |       |       |     7 |     4 ||    11
         Fleeing           |       |       |       |       |       |       |       |     2 |       ||     2
         Invisible         |       |       |       |       |       |       |       |       |     1 ||     1
 Armour: Robe              |    53 |       |       |       |       |       |       |       |       ||    53
         Leather armour    |     7 |    30 |       |       |       |       |       |       |       ||    37
         Ring mail         |       |    38 |   265 |       |       |       |       |       |       ||   303
         Acid dragon scale |       |       |    13 |   307 |   340 |   169 |       |       |       ||   829
         Plate armour      |       |       |       |       |       |   175 |   432 |   214 |       ||   821
         Storm dragon scal |       |       |       |       |       |       |       |   260 |   107 ||   367
  Dodge: Dodged            |    60 |    55 |   165 |   257 |   419 |   597 |   709 |   730 |   170 ||  3162
  Block: Tower shield      |       |       |       |       |       |       |       |   205 |   245 ||   450

Illustrated notes

Table legend:
 A = Kills in this place as a percentage of kills in the entire game.
 B = Kills by you in this place as a percentage of kills by you in the entire game.
 C = Kills by friends in this place as a percentage of kills by friends in the entire game.
 D = Other kills in this place as a percentage of other kills in the entire game.
 E = Experience gained in this place as a percentage of experience gained in the entire game.
 F = Experience gained in this place divided by the number of levels of this place that you have seen.
                   A       B       C       D       E      F
               +-------+-------+-------+-------+-------+----------------------
         Total | 100.0 | 100.0 | 100.0 | 100.0 | 100.0 | 21389.5
       Dungeon |  19.9 |  20.4 |   6.2 |   0.0 |   7.3 | 5383.5
          Lair |  12.3 |  12.5 |   6.2 |   0.0 |   5.8 | 12969.2
         Swamp |   6.4 |   5.7 |  25.0 |  40.0 |   6.3 | 17570.0
     Snake Pit |  10.4 |  10.4 |   8.3 |  10.0 |   9.4 | 26249.0
  Orcish Mines |   6.7 |   6.7 |   8.3 |   0.0 |   2.0 | 11145.5
   Elven Halls |   7.3 |   7.4 |   6.2 |   0.0 |   9.1 | 33881.7
        Vaults |  17.3 |  17.3 |  16.7 |  20.0 |  24.9 | 55478.0
        Depths |  11.0 |  10.9 |  12.5 |  20.0 |  17.2 | 47833.2
           Zot |   5.4 |   5.2 |  10.4 |  10.0 |  15.2 | 33803.4
        Wizlab |   3.0 |   3.1 |   0.0 |   0.0 |   2.3 | 25562.0
      Gauntlet |   0.4 |   0.4 |   0.0 |   0.0 |   0.4 | 4141.0
               +-------+-------+-------+-------+-------+----------------------

Table legend: (Time is in decaauts)
 A = Elapsed time spent in this place.
 B = Non-inter-level travel time spent in this place.
 C = Inter-level travel time spent in this place.
 D = Time resting spent in this place.
 E = Time spent auto-exploring this place.
 F = Levels seen in this place.
 G = Mean time per level.
                   A        B        C        D        E       F      G
               +--------+--------+--------+--------+--------+-----+--------+
         Total |  56801 |  48946 |   7855 |   6588 |  29348 |  52 | 1092.3 |
       Dungeon |  20245 |  16051 |   4194 |   2174 |  10411 |  15 | 1349.7 |
        Temple |     69 |     14 |     55 |      0 |      0 |   1 |   69.0 |
          Lair |   6117 |   5539 |    578 |    647 |   3496 |   5 | 1223.4 |
         Swamp |   2792 |   2613 |    179 |    279 |   1685 |   4 |  698.0 |
     Snake Pit |   4587 |   4303 |    284 |    169 |   3212 |   4 | 1146.8 |
  Orcish Mines |   2286 |   1714 |    572 |    310 |    821 |   2 | 1143.0 |
   Elven Halls |   3664 |   3130 |    534 |    482 |   1743 |   3 | 1221.3 |
        Vaults |   7281 |   6714 |    567 |    650 |   4287 |   5 | 1456.2 |
        Depths |   6084 |   5330 |    754 |   1110 |   2812 |   4 | 1521.0 |
           Zot |   2528 |   2394 |    134 |    720 |    403 |   5 |  505.6 |
        Bazaar |     38 |     38 |      0 |      0 |     23 |   1 |   38.0 |
         Trove |     62 |     62 |      0 |      0 |     33 |   1 |   62.0 |
        Wizlab |    716 |    716 |      0 |     42 |    349 |   1 |  716.0 |
      Gauntlet |    324 |    324 |      0 |      0 |     71 |   1 |  324.0 |
               +--------+--------+--------+--------+--------+-----+--------+

Top non-repeatable levels by time:
     D:7: 2277 daAuts
Depths:2: 1887 daAuts
     D:5: 1855 daAuts
    D:10: 1714 daAuts
Vaults:5: 1714 daAuts
     D:3: 1712 daAuts
    D:15: 1708 daAuts
   Elf:3: 1681 daAuts
 Snake:4: 1672 daAuts
   Orc:2: 1597 daAuts
 Snake:1: 1580 daAuts
     D:2: 1565 daAuts
Depths:1: 1492 daAuts
  Lair:4: 1489 daAuts
Depths:3: 1445 daAuts
